 Dungeon Crawl Stone Soup version 0.18-a0-960-g77c8fc5 (webtiles) character file.

1077 M4edhros the Covert (level 8, -1/48 HPs)
             Began as an Octopode Artificer on Dec 31, 2015.
             Was an Initiate of Okawaru.
             Succumbed to a water moccasin's poison
             ... on level 6 of the Dungeon.
             The game lasted 00:09:34 (4211 turns).

M4edhros the Covert (Octopode Artificer)            Turns: 4211, Time: 00:09:34

Health: -1/48      AC:  1    Str: 10    XL:     8   Next: 29%
Magic:  8/11       EV: 15    Int: 16    God:    Okawaru [......]
Gold:   148        SH:  0    Dex: 13    Spells: 0 memorised, 7 levels left

rFire  . . .     SeeInvis .     D - +1 demon blade (flame)
rCold  + . .     Gourm    .     (no shield)
rNeg   + . .     Faith    .     (helmet restricted)
rPois  .         Spirit   .     o - amulet of dismissal
rElec  .         Dismiss  +     C - ring of positive energy
rCorr  .         Reflect  .     p - ring of protection from cold
SustAt .         Harm     .     (no ring)
MR     .....                    (no ring)
Stlth  +++++.....               (no ring)
                                (no ring)
                                (no ring)
                                (no ring)

@: lethally poisoned (-1 -> -21), not resistant to hostile enchantments, quite
stealthy
A: almost no armour, amphibious, 8 rings, constrict 8, camouflage 1, sense
surroundings 1, gelatinous body 1
a: Renounce Religion


You were on level 6 of the Dungeon.
You worshipped Okawaru.
Okawaru was noncommittal.
You were not hungry.

You visited 2 branches of the dungeon, and saw 10 of its levels.

You collected 148 gold pieces.

Inventory:

Hand Weapons
 j - a +0 dagger of draining
 v - the +7 whip of Darkness {slash, Int+4}
   (You found it on level 4 of the Dungeon)

   It inflicts extra damage upon your enemies.
   It affects your intelligence (+4).
 D - a +1 demon blade of flaming (weapon)
Missiles
 k - 120 stones (quivered)
 m - 27 sling bullets
Jewellery
 o - an amulet of dismissal (around mantle)
 p - a ring of protection from cold (right tentacle)
 C - a ring of positive energy (left tentacle)
Wands
 a - a wand of slowing (8/48)
 b - a wand of flame (8/48)
 c - a wand of enslavement (12/24)
 d - a wand of random effects (12/48)
 s - a wand of slowing (19/48)
Scrolls
 g - 3 scrolls of enchant weapon {unknown}
 h - 5 scrolls of identify {unknown}
 i - 3 scrolls of fog {unknown}
 n - 2 scrolls of amnesia {unknown}
 r - 2 scrolls of blinking {unknown}
 t - a scroll of fear {unknown}
 x - a scroll of recharging {unknown}
 y - 2 scrolls of teleportation {unknown}
 B - a scroll of vulnerability {unknown}
Potions
 q - a potion of flight {unknown}
Comestibles
 f - 3 bread rations
 l - 5 meat rations
 u - a royal jelly
 w - a beef jerky
 z - 3 fruits


   Skills:
 + Level 1.1 Fighting
 - Level 1.0 Short Blades
 * Level 6.6 Dodging
 * Level 8.8 Stealth
 - Level 5.0 Evocations


You had 7 spell levels left.
You didn't know any spells.

Dungeon Overview and Level Annotations

Branches:
Dungeon (9/15)             Temple (1/1) D:7
   Lair: D:8-11         Orc: D:9-12

Altars:
Cheibriados
Dithmenos
Elyvilon
Fedhas
Gozag
Kikubaaqudgha
Makhleb
Okawaru
Pakellas
Qazlal
Ru
Sif Muna
Trog
Xom
Yredelemnul
Zin
The Shining One

Shops:
D:5 [


Innate Abilities, Weirdness & Mutations

You cannot wear most types of armour.
You are amphibious.
You can wear up to eight rings at the same time.
You can use your tentacles to constrict eight enemies at once.
Your skin changes colour to match your surroundings (Stealth).
Your rubbery body absorbs attacks (AC +1).
You passively map a small area around you.


Message History

You feel very sick.
* * * LOW HITPOINT WARNING * * *
You feel sick.
* * * LOW HITPOINT WARNING * * *
You feel very sick.
* * * LOW HITPOINT WARNING * * *
You feel sick.
* * * LOW HITPOINT WARNING * * *
You feel sick.
You see here a black potion.
e - a black potion
* * * LOW HITPOINT WARNING * * *
You feel sick.
Drink which item? (? for menu, Esc to quit)
It was a potion of cure mutation.
It has a very clean taste.
Your magical essence is no longer linked to your wands.
You feel robust.
You feel more energetic.
Your rugged brown scales disappear.
You feel genetically stable.
You die...
Xom is highly amused!

.#.#.##.........#.... , ,
... #.#.##########. , ,#.#
#.#.# . * * ##.####.#.# *
. ##.......#.# *,. ,
###.....####.# * **
#........###.. *
#......S..##.. * ,
#......@.)##..,, ,
#.........## ,** ,
#>.......#... , , *
###.....##.##.# , * *
##...###.# .# #. , ##..
... .# #.. ### #.#*.##.#
#..#. ########
#.##.##.###....
#......#####........#....#


You could see a water moccasin.

Vanquished Creatures
  The ghost of Protee the Conjurer, an amateur TeCj (D:4)
  An ice beast (D:5)
  An orc warrior (D:6)
  An ogre (D:9)
  A phantom (D:4)
  A scorpion (D:4)
  A water moccasin skeleton (D:7)
  3 crimson imps (D:5)
  A quasit (D:9)
  2 orc priests
  2 hounds (D:4)
  2 orc wizards
  2 iguanas
  Natasha (D:3)
  3 adders
  A shadow imp (D:5)
  An adder skeleton (D:8)
  A worm (D:2)
  5 giant geckos
  13 orcs
  A ball python (D:7)
  2 giant cockroaches
  3 goblins
  2 hobgoblins (D:1)
  10 jackals
  3 kobolds
  8 quokkas
  3 bats
  A giant newt (D:7)
  A jackal zombie (D:5)
  2 quokka skeletons
  2 rats
82 creatures vanquished.

Vanquished Creatures (collateral kills)
  An orc wizard (D:9)
1 creature vanquished.

Grand Total: 83 creatures vanquished

Notes
Turn   | Place    | Note
--------------------------------------------------------------
     0 | D:1      | M4edhros the Octopode Artificer began the quest for the Orb.
     0 | D:1      | Reached XP level 1. HP: 13/13 MP: 3/3
    67 | D:1      | Reached XP level 2. HP: 15/18 MP: 4/4
   708 | D:2      | Reached XP level 3. HP: 21/23 MP: 5/5
  1014 | D:3      | Noticed Natasha
  1021 | D:3      | Killed Natasha
  1082 | D:3      | Reached XP level 4. HP: 28/28 MP: 6/6
  1112 | D:4      | Found a white marble altar of Elyvilon.
  1170 | D:4      | Got a fine whip
  1171 | D:4      | Identified the +7 whip of Darkness {slash, Int+4} (You found it on level 4 of the Dungeon)
  1292 | D:4      | Reached skill level 4 in Stealth
  1355 | D:4      | Reached XP level 5. HP: 16/33 MP: 7/7
  1497 | D:4      | Noticed a phantom
  1512 | D:4      | Killed a phantom
  1512 | D:4      | Reached skill level 5 in Stealth
  1512 | D:4      | Reached XP level 6. HP: 38/38 MP: 9/9
  1575 | D:4      | Noticed Protee's ghost (amateur TeCj)
  1591 | D:4      | Killed Protee's ghost
  1591 | D:4      | Reached skill level 6 in Stealth
  1896 | D:5      | Entered Level 5 of the Dungeon
  1941 | D:5      | Reached skill level 5 in Dodging
  1941 | D:5      | Reached XP level 7. HP: 35/43 MP: 10/10
  1980 | D:5      | Found Lifuram's Armour Shop.
  2321 | D:5      | Found a sacrificial altar of Ru.
  2439 | D:5      | Reached skill level 7 in Stealth
  2439 | D:5      | Reached skill level 5 in Evocations
  2949 | D:6      | You fall through a shaft for 3 floors!
  3090 | D:9      | Reached skill level 8 in Stealth
  3090 | D:9      | Reached XP level 8. HP: 35/48 MP: 11/11
  3284 | D:9      | Gained mutation: Your magical capacity is low (-10% MP). [potion of mutation]
  3284 | D:9      | Gained mutation: You evolve. [potion of mutation]
  3284 | D:9      | Gained mutation: You are frail (-10% HP). [potion of mutation]
  3285 | D:9      | Gained mutation: You are partially covered in rugged brown scales (AC +1, +3% HP). [potion of mutation]
  3285 | D:9      | Gained mutation: You expend magic power (3 MP) to strengthen your wands. [potion of mutation]
  3285 | D:9      | Gained mutation: You passively map a small area around you. [potion of mutation]
  3843 | D:7      | Found a staircase to the Ecumenical Temple.
  3853 | Temple   | Entered the Ecumenical Temple
  3937 | Temple   | Became a worshipper of Xom of Chaos
  3945 | Temple   | Fell from the grace of Xom
  3945 | Temple   | Became a worshipper of Warmaster Okawaru
  4020 | D:7      | Found an ancient bone altar of Kikubaaqudgha.
  4156 | D:7      | XOM: medium Summ miscast
  4157 | D:7      | Noticed a soul eater
  4202 | D:6      | XOM: mild Conj miscast
  4203 | D:6      | HP: 2/44 [water moccasin (9)]
  4210 | D:6      | HP: 1/44 [poisoned by a water moccasin]
  4211 | D:6      | Lost mutation: You expend magic power (3 MP) to strengthen your wands. [potion of cure mutation]
  4211 | D:6      | Lost mutation: You are frail (-10% HP). [potion of cure mutation]
  4211 | D:6      | Lost mutation: Your magical capacity is low (-10% MP). [potion of cure mutation]
  4211 | D:6      | Lost mutation: You are partially covered in rugged brown scales (AC +1, +3% HP). [potion of cure mutation]
  4211 | D:6      | Lost mutation: You evolve. [potion of cure mutation]
  4211 | D:6      | Succumbed to a water moccasin's poison

Vault maps used:
D:1:      dpeg_arrival_tiny_j
D:3:      wad_lake_hut, gammafunk_temple_overflow_wave, first_bread,
          uniq_natasha
D:4:      elyvilon_altar_4
D:5:      lemuel_coloured_pillars_altar, serial_shops, shop_statue
D:7:      kiku_gazebo_pond_becter, minmay_temple_entry_statues, grunt_ogre_cave
D:8:      ashenzari_altar_1
D:9:      wad_pebble_path, minmay_lair_entry_grove, serial_shops, shop
Temple:   water_room_temple_a_12

Action                   |  1- 3 |  4- 6 |  7- 9 || total
-------------------------+-------+-------+-------++-------
Melee: Short sword       |    18 |       |       ||    18
       Dagger            |    30 |     2 |       ||    32
       Whip              |       |    49 |    23 ||    72
       Demon blade       |       |       |    61 ||    61
Evoke: Wand              |       |       |    14 ||    14
  Use: Potion            |       |     3 |     8 ||    11
 Stab: Sleeping          |     6 |     6 |    12 ||    24
  Eat: Chunk             |       |     2 |     4 ||     6
       Bread ration      |       |       |     1 ||     1
